 Dungeon Crawl Stone Soup version 0.16.1-16-gc44b35d (webtiles) character file.

92 Chiseanne the Magician (level 4, 0/30 HPs)
             Began as a Demonspawn Wizard on May 8, 2015.
             Slain by an orc
             ... wielding a +0 mace
              (6 damage)
             ... on level 3 of the Dungeon.
             The game lasted 00:06:34 (3460 turns).

Chiseanne the Magician (Demonspawn Wizard)          Turns: 3460, Time: 00:06:34

Health: 0/30       AC:  8    Str:  8    XL:     4   Next: 35%
Magic:  2/11       EV: 12    Int: 20    God:
Gold:   121        SH:  0    Dex: 11    Spells: 4 memorised, 4 levels left

rFire  . . .     SeeInvis .     a - +2 short sword (protect)
rCold  . . .     Clarity  .     m - +0 robe
rNeg   . . .     SustAb   .     (no shield)
rPois  .         Gourm    .     b - +0 hat
rElec  .         Spirit   .     (no cloak)
rCorr  .         Warding  .     e - +0 pair of gloves
rMut   .         Stasis   .     (no boots)
MR     .....                    (no amulet)
Stlth  +++.......               (no ring)
                                (no ring)

@: repel missiles, invisible, not resistant to hostile enchantments, fairly
stealthy
A: talons 1, nightstalker 1, powered by death 1
a: no special abilities


You were on level 3 of the Dungeon.
You were near starving.

You visited 1 branch of the dungeon, and saw 3 of its levels.

You collected 121 gold pieces.

Inventory:

Hand weapons
 a - a +2 short sword of protection (weapon)
 g - a +0 dagger of venom
 j - a +1 dagger of speed
Armour
 b - a +0 hat (worn)
 e - a +0 pair of gloves (worn)
 m - a +0 robe (worn)
Scrolls
 i - a scroll of immolation
Potions
 h - 2 potions of brilliance {unknown}
 k - a potion of restore abilities {unknown}
 l - a potion of haste {unknown}
 n - a potion of agility {unknown}
 p - 2 potions of curing {unknown}
Books
 c - a book of Minor Magic

   Spells                             Type                      Level
   a - Magic Dart                     Conjuration                  1
   b - Blink                          Translocation                2
   c - Call Imp                       Summoning                    2
   d - Repel Missiles                 Charms/Air                   2
   e - Slow                           Hexes                        2
   f - Conjure Flame                  Conjuration/Fire             3
   g - Mephitic Cloud                 Conjuration/Poison/Air       3
Comestibles
 d - 2 bread rations
 o - a meat ration


   Skills:
 - Level 1.7 Dodging
 * Level 2.1 Stealth
 * Level 4.2 Spellcasting
 * Level 2.4 Conjurations
 - Level 1.0 Summonings
 - Level 0.8 Translocations


You had 4 spell levels left.
You knew the following spells:

 Your Spells              Type           Power        Failure   Level  Hunger
a - Magic Dart            Conj           ##..         6%          1    None
b - Call Imp              Summ           #.......     14%         2    #......
c - Blink                 Tloc           N/A          17%         2    #......
d - Repel Missiles        Chrm/Air       #.....       21%         2    #......


Dungeon Overview and Level Annotations

Branches:
Dungeon (3/15)

Altars:
Cheibriados
Nemelex Xobeh
Okawaru
Zin
The Shining One


Innate Abilities, Weirdness & Mutations

You have sharp toenails.
You are slightly more attuned to the shadows.
You can steal the life force of nearby defeated enemies.


Message History

Something smites you! The orc barely misses you.
Your crimson imp hits the orc.
You hit the orc.
The orc is almost dead.
The orc priest misses your crimson imp. The orc barely misses your crimson imp.
The orc hits you but does no damage.
Your crimson imp blinks!
You closely miss the orc.
The orc is almost dead.
The orc priest becomes somewhat translucent.
The orc hits you but does no damage.
You hit the orc.
You kill the orc!
The orc priest mumbles some strange prayers to Beogh against you.
Something smites you!
* * * LOW HITPOINT WARNING * * *
Drink which item? (? for menu, Esc to quit)
You fade into invisibility!
The orc priest's eyes start to glow.
The orc hits you with a mace.
You die...

#....# # #....# #..
+....+ ####.#
###5...+#$)o. #....#
#.......o...# #....#
#.........#..
+..).###oo.5.o.....
#.......o###.......
#.......@# #......
#........# #......
###....##### ###+#
#.........######
#..............#
#.........#.....
#........###...###.#
#...............#...
#......#.).).#.....###


You could see an orc priest, 2 orcs and a friendly crimson imp.

Vanquished Creatures
  An orc wizard (D:3)
  A gnoll (D:2)
  An adder (D:2)
  2 worms
  A giant gecko (D:1)
  2 orcs (D:3)
  A ball python (D:1)
  3 giant cockroaches (D:1)
  6 goblins
  3 hobgoblins (D:1)
  4 kobolds
  A quokka (D:2)
  9 bats
  4 giant newts
  6 rats
45 creatures vanquished.

Vanquished Creatures (others)
  A crimson imp (D:2)
  A white imp (D:3)
2 creatures vanquished.

Grand Total: 47 creatures vanquished

Notes
Turn   | Place    | Note
--------------------------------------------------------------
     0 | D:1      | Chiseanne, the Demonspawn Wizard, began the quest for the Orb.
     0 | D:1      | Reached XP level 1. HP: 13/13 MP: 4/4
   543 | D:1      | Gained mutation: You can steal the life force of nearby defeated enemies. [demonic ancestry]
   543 | D:1      | Reached XP level 2. HP: 11/19 MP: 0/6
  1601 | D:1      | Gained mutation: You are slightly more attuned to the shadows. [demonic ancestry]
  1601 | D:1      | Reached XP level 3. HP: 21/24 MP: 1/8
  1921 | D:2      | Found a snail-covered altar of Cheibriados.
  2069 | D:2      | Found a glowing golden altar of the Shining One.
  2159 | D:2      | Learned a level 2 spell: Call Imp
  2162 | D:2      | Learned a level 2 spell: Blink
  2165 | D:2      | Learned a level 2 spell: Repel Missiles
  2438 | D:2      | Found a sparkling altar of Nemelex Xobeh.
  2769 | D:2      | Reached skill level 4 in Spellcasting
  3076 | D:2      | Found a glowing silver altar of Zin.
  3151 | D:3      | Found an iron altar of Okawaru.
  3397 | D:3      | Gained mutation: You have sharp toenails. [demonic ancestry]
  3397 | D:3      | Reached XP level 4. HP: 30/30 MP: 9/11
  3460 | D:3      | Slain by an orc

Action                   |  1- 3 |  4- 6 || total
-------------------------+-------+-------++-------
Melee: Club              |     8 |       ||     8
       Unarmed           |     1 |       ||     1
       Hand axe          |    20 |       ||    20
       Short sword       |    12 |    11 ||    23
 Cast: Magic Dart        |    93 |     8 ||   101
       Call Imp          |     2 |     3 ||     5
       Repel Missiles    |     1 |       ||     1
  Use: Scroll            |     5 |       ||     5
       Potion            |       |     1 ||     1
 Stab: Sleeping          |     1 |       ||     1
       Distracted        |     1 |       ||     1
  Eat: Chunk             |     6 |       ||     6
